 Dungeon Crawl Stone Soup version bcrawl-1.40.3b (webtiles) character file.

Game seed: 11931710403292631184

330447 torrenera the Basher (level 9, -14/109 HPs)
             Began as an Ent Sloth Apostle on Dec 21, 2023.
             Was a High Priest of Cheibriados.
             Killed from afar by a yak (19 damage)
             ... with an exploding inner flame
             ... hexed by the player character
             ... on level 8 of the Dungeon.
             The game lasted 00:19:48 (6407 turns).

torrenera the Basher (Ent Sloth Apostle)            Turns: 6407, Time: 00:19:49

Health: -14/109    AC: 18    Str: 34    XL:     9   Next: 92%
Magic:  15/23      EV: 10    Int: 26    God:    Cheibriados [*****.]
Gold:   208        SH: 10    Dex: 24    Spells: 9/10 levels left

rFire    . . .     GDR:     40% D - +3 morningstar (flame)
rCold    . . .     SeeInvis .   b - +0 medium shield
rNeg     + + +     Gourm    .   (armour unavailable)
rPois    +         Faith    .   (helmet restricted)
rElec    .         Spirit   .   (no cloak)
rCorr    .         Reflect  .   (gloves unavailable)
MR       .....     Clarity  +   (boots unavailable)
Stlth    +++.......             k - amulet of the acrobat
HPRegen  0.00/turn              r - ring of positive energy (curse)
MPRegen  0.18/turn              q - ring of magical power

@: very slow
A: large, slow actions, passwall, strong branches, yellow scales 1, negative
energy resistance 3, poison resistance, inhibited regeneration, slow metabolism
1, torment resistance, unbreathing, AC +16
a: Passwall, Bend Time, Defer, Temporal Distortion, Step From Time, Renounce
Religion


You were on level 8 of the Dungeon.
You worshipped Cheibriados.
Cheibriados was extremely pleased with you.
You were not hungry.

You visited 1 branch of the dungeon, and saw 8 of its levels.

You collected 553 gold pieces.
You spent 345 gold pieces at shops.

Inventory:

Hand Weapons
 s - a +0 blowgun
 w - a +0 shortbow
 D - a +3 morningstar of flaming (weapon)
Missiles
 f - 625 stones (quivered)
 n - 836 arrows
 u - 159 poisoned needles
 x - 194 poisoned tomahawks
Armour
 b - a +0 medium shield (worn)
Jewellery
 k - an amulet of the acrobat (around neck)
 q - a ring of magical power (right hand)
 r - a cursed ring of positive energy (left hand)
Wands
 c - a wand of paralysis (10)
 o - a wand of flame (22)
 z - a wand of charming (11)
 A - a wand of random effects (8)
Scrolls
 d - 2 scrolls of remove curse {unknown}
 h - 2 scrolls of enchant armour {unknown}
 i - 8 scrolls of identify
 j - a scroll of immolation
 p - a scroll of revelation {unknown}
 t - 2 scrolls of enchant weapon {unknown}
 y - a scroll of fog {unknown}
Potions
 a - a potion of haste {unknown}
 g - 3 potions of lignification
 l - 5 potions of heal wounds
 m - 3 potions of curing
 v - a potion of mutation
 B - a potion of invisibility {unknown}
Comestibles
 e - 15 rations {!d}


   Skills:
 - Level 10.0 Fighting
 - Level 10.0 Maces & Flails
 + Level 4.3 Dodging
 - Level 3.6 Stealth
 - Level 1.5 Shields
 - Level 1.2 Spellcasting
 - Level 2.0 Hexes
 * Level 6.8 Invocations
 - Level 0.8 Evocations


You had 9 spell levels left.
You knew the following spells:

 Your Spells              Type           Power        Failure   Level  Hunger
a - Slow                  Hex            ##......     34%         1    None

Your spell library contained the following spells:

 Spells                   Type           Power        Failure   Level  Hunger
 Airstrike                Air            #.........   100%        4    ######.
 Silence                  Hex/Air        #.........   100%        5    #######
 Deflect Missiles         Chrm/Air       #.........   100%        6    #######
 Tornado                  Tloc/Air       #.........   100%        8    #######


Dungeon Overview and Level Annotations

Branches:
Dungeon (8/12)             Temple (0/1) D:7
   Lair: D:7-9          Orc: D:8-11

Altars:
Okawaru

Shops:
D:5 !   D:8 (


Innate Abilities, Weirdness & Mutations

You move and act slowly.
You can pass through walls and trees.
Your branches can wield two-handed weapons with a shield.
Your thick bark is tough. (AC +16)
You are too large for most types of armour.
You are immune to negative energy. (rN+++)
Your system is resistant to poisons. (rPois)
You have a slow metabolism.
You are immune to unholy pain and torment.
You can survive without breathing.
You are partially covered in yellow scales. (AC +2)
You do not regenerate when monsters are visible.


Message History

You closely miss the yak. The yak gores you but does no damage.
The yak barely misses you. The yak gores you but does no damage.
The yak misses you. The yak closely misses you. x2
Unknown command.
You hit the yak. You burn the yak.
The yak is severely wounded.
The yak gores you but does no damage. x2; The yak gores you!
You block the yak's attack. The yak gores you. You block the yak's attack.
The yak gores you. x2; The yak gores you but does no damage.
You puncture the yak! You burn the yak.
The yak explodes!
The fiery explosion engulfs you!!
The fiery explosion engulfs the yak!
The fiery explosion engulfs the yak!!
Cheibriados thoroughly appreciates the change of pace.
You are engulfed in blazing flames.
* * * LOW HITPOINT WARNING * * *
The yak misses you.
The yak is engulfed in blazing flames.
The yak explodes!
The fiery explosion engulfs you!!
You die...

##............#.#
#..#.#.#'#......##
#....#.'_).##....##
#......#+#...###..##
###..##.#.........[..#
....# ###......#...###
.... #....#######
....#####YY...##
....#.§§@Y....#
........§§§.#..#
....##..§§§.#.##
#.....).#.####
##......### #.....##
......### #>....
....##


You could see 3 yaks.

Vanquished Creatures
  A troll (D:7)
  A hippogriff (D:7)
  2 hungry ghosts
  A human (D:7)
  2 yaks (D:8)
  4 hogs (D:7)
  Menkaure (D:7)
  A crocodile (D:8)
  Duvessa (D:5)
  An orc warrior (D:7)
  A sky beast (D:7)
  3 ogres
  A phantom (D:8)
  A bullfrog (D:7)
  A kobold brigand (D:6)
  4 centaurs
  A scorpion (D:5)
  Dowan (D:5)
  A howler monkey (D:5)
  2 orc priests
  3 crimson imps
  A bullfrog zombie (D:5)
  A jelly (D:6)
  4 orc wizards (D:3)
  Jessica (D:2)
  2 iguanas
  Terence (D:3)
  8 worker ants
  A howler monkey skeleton (D:5)
  3 gnolls (D:3)
  4 adders
  2 oozes
  2 adder skeletons
  2 adder zombies
  3 worms
  5 dart slugs
  6 leopard geckos
  37 orcs
  A ball python (D:3)
  4 giant cockroaches
  4 goblins
  7 hobgoblins
  7 jackals
  16 kobolds
  4 quokkas
  7 bats
  6 frilled lizards
  A quokka skeleton (D:6)
  5 rats
179 creatures vanquished.

Notes
Turn   | Place    | Note
-------+----------+-------------------------------------------
     0 | D:1      | torrenera the Ent Sloth Apostle began the quest for the
                  | Orb.
     0 | D:1      | Reached XP level 1. HP: 22/22 MP: 2/2
   175 | D:1      | Reached XP level 2. HP: 30/30 MP: 3/3
   574 | D:1      | Reached XP level 3. HP: 36/37 MP: 4/4
   672 | D:1      | Reached * piety under Cheibriados
  1202 | D:2      | Reached skill level 5 in Maces & Flails
  1300 | D:2      | Reached ** piety under Cheibriados
  1375 | D:2      | Noticed Jessica
  1381 | D:2      | Killed Jessica
  1382 | D:2      | Reached XP level 4. HP: 32/46 MP: 5/5
  2292 | D:3      | Reached XP level 5. HP: 48/53 MP: 6/6
  2312 | D:3      | Reached *** piety under Cheibriados
  2408 | D:3      | Gained mutation: You do not regenerate when monsters are
                  | visible. [potion of mutation]
  2408 | D:3      | Gained mutation: You are partially covered in yellow
                  | scales. (AC +2) [potion of mutation]
  2505 | D:3      | Noticed Terence
  2523 | D:3      | Killed Terence
  2620 | D:3      | Reached XP level 6. HP: 60/61 MP: 7/7
  2745 | D:3      | Reached **** piety under Cheibriados
  3144 | D:4      | Reached XP level 7. HP: 61/70 MP: 8/8
  3384 | D:5      | Entered Level 5 of the Dungeon
  3426 | D:5      | Reached skill level 10 in Maces & Flails
  3618 | D:5      | Found an iron altar of Okawaru.
  3687 | D:5      | Reached ***** piety under Cheibriados
  3690 | D:5      | Noticed Dowan
  3693 | D:5      | Noticed Duvessa
  3695 | D:5      | Killed Dowan
  3700 | D:5      | Killed Duvessa
  3701 | D:5      | Reached skill level 5 in Fighting
  3701 | D:5      | Reached XP level 8. HP: 84/88 MP: 9/9
  3799 | D:5      | Found Otih's Distillery.
  3804 | D:5      | Bought a potion of curing for 32 gold pieces
  3804 | D:5      | Bought a potion of heal wounds for 65 gold pieces
  3804 | D:5      | Bought a potion of curing for 32 gold pieces
  3804 | D:5      | Bought a potion of degeneration for 13 gold pieces
  5314 | D:7      | Noticed a troll
  5329 | D:7      | Found a staircase to the Ecumenical Temple.
  5379 | D:7      | Killed a troll
  5433 | D:7      | Reached XP level 9. HP: 55/109 MP: 10/10
  5460 | D:7      | Reached skill level 10 in Fighting
  5460 | D:7      | Reached skill level 1 in Invocations
  5695 | D:7      | Reached skill level 1 in Dodging
  5827 | D:7      | Noticed Menkaure
  5840 | D:7      | Killed Menkaure
  6097 | D:7      | Reached skill level 5 in Invocations
  6253 | D:8      | Found Cuomiput's Antique Weapon Boutique.
  6289 | D:8      | Bought a glowing morningstar for 203 gold pieces
  6340 | D:8      | Found an ancient bone altar of Kikubaaqudgha.
  6407 | D:8      | HP: 5/109 [themself] (29)]
  6407 | D:8      | Killed from afar by a yak

Skill      XL: |  1  2  3  4  5  6  7  8  9 |
---------------+----------------------------+-----
Maces & Flails | 3 4 5 6 7 9 10 | 10.0
Fighting       | 5 9 10 | 10.0
Invocations    | 6 |  6.8
Dodging        | 4 |  4.3
Stealth        | |  3.6
Shields        | |  1.5
Spellcasting   | |  1.2
Hexes          | |  2.0
Evocations     | |  0.8

Action                   |  1- 3 |  4- 6 |  7- 9 || total
-------------------------+-------+-------+-------++-------
Melee: Mace              |   138 |   202 |       ||   340
       Morningstar       |       |    40 |   243 ||   283
Throw: Stone             |       |    13 |     9 ||    22
       Tomahawk          |       |       |     3 ||     3
Invok: Defer             |       |       |     1 ||     1
       Temporal Distorti |       |       |     1 ||     1
 Abil: Passwall          |       |       |     2 ||     2
  Use: Potion            |       |     5 |       ||     5
       Scroll            |       |       |     2 ||     2
 Stab: Sleeping          |     6 |     3 |     4 ||    13
       Distracted        |       |     1 |       ||     1
  Eat: Chunk             |     5 |    12 |    20 ||    37
Armor: Skin              |   118 |   151 |   191 ||   460
Dodge: Dodged            |    52 |    63 |   142 ||   257
Block: Medium shield     |    75 |   118 |   210 ||   403
